 Dungeon Crawl Stone Soup version 0.19.0-11-g3fc08b3 (webtiles) character file.

4239 thirtiethelement the Cruncher (level 10, -1/72 HPs)
             Began as an Octopode Wanderer on Nov 9, 2016.
             Was an Elder of Okawaru.
             Slain by a warg (5 damage)
             ... on level 1 of the Orcish Mines.
             The game lasted 00:51:06 (7148 turns).

thirtiethelement the Cruncher (Octopode Wanderer)   Turns: 7148, Time: 00:51:08

Health: -1/72      AC:  5    Str: 14    XL:     10   Next: 30%
Magic:  0/11       EV: 23    Int: 15    God:    Okawaru [****..]
Gold:   396        SH:  0    Dex: 12    Spells: 0 memorised, 9 levels left

rFire  x . .     SeeInvis +     a - +3 quarterstaff
rCold  + + .     Gourm    .     (shield currently unavailable)
rNeg   . . .     Faith    .     L - +2 hat
rPois  +         Spirit   +     g - amulet of guardian spirit
rElec  .         Reflect  .     n - ring of poison resistance
rCorr  .         Harm     .     u - ring of protection from cold
MR     .....                    v - ring of see invisible
Stlth  ++++......               y - ring of ice
                                F - +3 ring of evasion
                                r - +4 ring of evasion
                                c - +2 ring of protection
                                f - ring of flight

@: about to teleport
A: almost no armour, stealthy swim, amphibious, 8 rings, constrict 8, camouflage
1, gelatinous body 1
a: Heroism, Renounce Religion, Evoke Flight


You were on level 1 of the Orcish Mines.
You worshipped Okawaru.
Okawaru was greatly pleased with you.
You were not hungry.

You visited 2 branches of the dungeon, and saw 10 of its levels.

You collected 690 gold pieces.
You spent 294 gold pieces at shops.

Inventory:

Hand Weapons
 a - a +3 quarterstaff (weapon)
 j - a cursed -2 short sword
 m - a +0 flail of holy wrath
 x - a +4 dagger
 H - a +0 mace of protection
Missiles
 s - a throwing net (quivered)
 w - 6 needles of confusion
 C - 2 tomahawks of dispersal
Armour
 L - a +2 hat (worn)
Jewellery
 c - a +2 ring of protection (on tentacle)
 f - a ring of flight (on tentacle)
 g - an amulet of guardian spirit (around mantle)
 i - an uncursed amulet of faith
 n - a ring of poison resistance (left tentacle)
 r - a +4 ring of evasion (on tentacle)
 u - a ring of protection from cold (right tentacle)
 v - a ring of see invisible (on tentacle)
 y - a ring of ice (on tentacle)
 F - a +3 ring of evasion (on tentacle)
Wands
 e - a wand of iceblast (0/15)
 B - a wand of paralysis (4/24)
 I - a wand of iceblast (2/15)
Scrolls
 b - 2 scrolls of teleportation
 l - 7 scrolls of remove curse
 J - 2 scrolls of amnesia
Potions
 d - a potion of resistance
 h - 2 potions of brilliance
 t - 2 potions of cancellation
 z - a potion of ambrosia {unknown}
 D - 2 potions of flight
 E - 2 potions of invisibility
 G - 3 potions of haste {unknown}
 K - a potion of beneficial mutation {unknown}
 M - a potion of degeneration {unknown}
Comestibles
 k - 4 meat rations
 o - 10 fruits
 p - 2 slices of pizza
 q - 3 beef jerkies
 A - 3 bread rations


   Skills:
 + Level 7.7 Fighting
 + Level 1.0(5.5) Maces & Flails
 + Level 8.8 Staves
 * Level 6.0 Throwing
 * Level 6.6 Dodging
 + Level 6.5 Stealth
   Level 1.0 Shields
 + Level 1.5 Evocations


You had 9 spell levels left.
You didn't know any spells.

Dungeon Overview and Level Annotations

Branches:
Dungeon (9/15)             Temple (0/1) D:6             Orc (1/2) D:9
   Lair: D:8-11

Altars:
Ashenzari
Gozag
Hepliaklqana
Okawaru
Ru
Uskayaw
Xom
Yredelemnul
Zin
The Shining One

Shops:
D:5 =

Annotations:
D:8 spe3d0's ghost, novice GrFi


Innate Abilities, Weirdness & Mutations

You cannot wear most types of armour.
You are very stealthy in the water. (Stealth+)
You are amphibious.
You can wear up to eight rings at the same time.
You can use your tentacles to constrict eight enemies at once.
Your skin changes colour to match your surroundings (Stealth+).
Your rubbery body absorbs attacks. (AC +1, EV +1)


Message History

The troll is almost dead.
The troll completely misses you. x2; The troll closely misses you.
The warg barely misses you. The orc misses you.
The orc warrior hits you with a short sword.
You hit the troll but do no damage.
The troll is almost dead.
The orc priest looks encouraged for a moment.
The troll closely misses you. The troll claws you! x2
* * * LOW HITPOINT WARNING * * *
The orc priest barely misses you. The orc warrior completely misses you.
The warg bites you.
* * * LOW HITPOINT WARNING * * *
As you read the scroll of teleportation, it crumbles to dust.
You feel strangely unstable. The orc warrior misses you.
The orc priest completely misses you. The orc priest misses you.
The troll barely misses you. The troll claws you!
* * * LOW HITPOINT WARNING * * *
The troll completely misses you. The orc completely misses you.
The warg bites you.
You die...

..........$........
#....#$............
##...#.........$...
#....#.............
#.................
##.<..............
#.....(....$...^.>...
#$..#.$...To.....$..$
...........@ho(......$
$..........ooo........
....$.......oh.......$
.....#.#.$............
.#.............O..#..
..................
##..............)$
##...$.........$.


You could see a troll, 2 wargs, 2 orc warriors, an ogre, 2 orc priests and 2
orcs.

Vanquished Creatures
  A slime creature (D:6)
  2 hippogriffs
  A wyvern (D:8)
  Menkaure (D:7)
  2 black bears
  An ice beast (D:8)
  2 sky beasts
  A phantom (D:8)
  3 centaurs
  An orc warrior (D:8)
  4 ogres
  A crocodile (D:8)
  A big kobold (D:9)
  5 bullfrogs
  2 scorpions (D:8)
  A wyvern skeleton (D:6)
  A centaur zombie (D:5)
  A crimson imp (D:8)
  A quasit (D:8)
  3 hounds
  3 centaur skeletons
  10 orc priests
  8 jellies
  8 orc wizards
  4 iguanas
  4 worker ants
  A hound zombie (D:6)
  A howler monkey skeleton (D:6)
  9 adders
  A gnoll (D:4)
  A shadow imp (D:8)
  16 oozes
  4 adder skeletons
  4 worms
  A dart slug (D:2)
  6 leopard geckos
  39 orcs
  2 ball pythons
  10 giant cockroaches
  11 goblins
  8 hobgoblins
  8 jackals
  15 kobolds
  5 quokkas
  11 bats
  6 frilled lizards
  A giant cockroach zombie (D:6)
  A jackal skeleton (D:8)
  A jackal zombie (D:5)
  2 leopard gecko skeletons (D:4)
  6 rats
242 creatures vanquished.

Vanquished Creatures (others)
  7 fungi (D:6)
7 creatures vanquished.

Grand Total: 249 creatures vanquished

Notes
Turn   | Place    | Note
-------+----------+-------------------------------------------
     0 | D:1      | thirtiethelement the Octopode Wanderer began the quest for the Orb.
     0 | D:1      | thirtiethelement set off with: a +2 quarterstaff, a scroll of teleportation, a potion of curing, a bread ration
     0 | D:1      | Reached XP level 1. HP: 18/18 MP: 1/1
    95 | D:1      | Reached XP level 2. HP: 19/24 MP: 2/2
   264 | D:1      | Reached XP level 3. HP: 21/29 MP: 3/3
   464 | D:1      | Reached skill level 2 in Staves
   589 | D:2      | Reached XP level 4. HP: 24/35 MP: 4/4
  1022 | D:2      | Reached skill level 1 in Stealth
  1281 | D:3      | Reached skill level 3 in Staves
  1408 | D:3      | Reached XP level 5. HP: 36/41 MP: 2/5
  2030 | D:4      | Noticed a black bear
  2037 | D:4      | Killed a black bear
  2037 | D:4      | Reached skill level 1 in Throwing
  2037 | D:4      | Reached XP level 6. HP: 17/46 MP: 2/6
  2131 | D:4      | Found an iron altar of Okawaru.
  2147 | D:4      | Reached skill level 4 in Staves
  2161 | D:4      | Became a worshipper of Warmaster Okawaru
  2259 | D:4      | Reached XP level 7. HP: 20/52 MP: 4/7
  2462 | D:4      | Reached * piety under Okawaru
  2785 | D:5      | Entered Level 5 of the Dungeon
  2808 | D:5      | Found Caont's Jewellery Boutique.
  2825 | D:5      | Reached skill level 5 in Staves
  2908 | D:5      | Found a shimmering altar of Xom.
  3409 | D:6      | Found a staircase to the Ecumenical Temple.
  3416 | D:6      | Reached ** piety under Okawaru
  3416 | D:6      | Reached XP level 8. HP: 34/57 MP: 5/8
  3504 | D:5      | Bought a +3 ring of evasion for 294 gold pieces
  3894 | D:6      | Reached skill level 6 in Staves
  4094 | D:6      | Noticed a slime creature
  4125 | D:6      | Killed a slime creature
  4171 | D:6      | Reached XP level 9. HP: 32/63 MP: 7/9
  4331 | D:6      | Reached *** piety under Okawaru
  4331 | D:6      | Reached skill level 5 in Dodging
  4431 | D:7      | Reached skill level 7 in Staves
  4525 | D:7      | Reached skill level 5 in Stealth
  4673 | D:7      | Reached skill level 5 in Throwing
  4840 | D:7      | Noticed Menkaure
  4846 | D:7      | Killed Menkaure
  5171 | D:8      | Received a gift from Okawaru
  5187 | D:8      | Found a hazy altar of Hepliaklqana.
  5191 | D:8      | Found an opulent altar of Gozag.
  5192 | D:8      | Found a sacrificial altar of Ru.
  5192 | D:8      | Found a basalt altar of Yredelemnul.
  5192 | D:8      | Found a shattered altar of Ashenzari.
  5203 | D:8      | Found a glowing golden altar of the Shining One.
  5205 | D:8      | Found a hide-covered altar of Uskayaw.
  5269 | D:8      | Noticed spe3d0's ghost (novice GrFi)
  5637 | D:8      | Reached skill level 8 in Staves
  5887 | D:8      | Reached XP level 10. HP: 53/71 MP: 11/11
  6011 | D:8      | Reached **** piety under Okawaru
  6042 | D:8      | Found a glowing silver altar of Zin.
  6188 | D:9      | Found a staircase to the Orcish Mines.
  7124 | Orc:1    | Entered Level 1 of the Orcish Mines
  7148 | Orc:1    | Slain by a warg

Skill      XL: |  1  2  3  4  5  6  7  8  9 10 |
---------------+-------------------------------+-----
Staves         | 2 3 4 5 6 8 |  8.8
Stealth        | 1 2 3 4 5 6 |  6.5
Throwing       | 1 2 4 5 6 |  6.0
Dodging        | 2 3 4 6 |  6.6
Fighting       | 6 7 |  7.7
Maces & Flails | |  1.0
Shields        | |  1.0
Evocations     | |  1.5

Action                   |  1- 3 |  4- 6 |  7- 9 | 10-12 || total
-------------------------+-------+-------+-------+-------++-------
Melee: Quarterstaff      |    60 |   108 |   355 |    87 ||   610
       Constrict         |    16 |    25 |    61 |    10 ||   112
       Tentacles         |     6 |    10 |    64 |    17 ||    97
       Punch             |       |       |     1 |       ||     1
Throw: Tomahawk          |       |    11 |    39 |       ||    50
Invok: Heroism           |       |       |     1 |       ||     1
Evoke: Wand              |       |       |     4 |     2 ||     6
  Use: Scroll            |     6 |     7 |    10 |     3 ||    26
       Potion            |       |       |     7 |       ||     7
 Stab: Sleeping          |     5 |    15 |    14 |     6 ||    40
       Distracted        |       |     1 |     2 |       ||     3
  Eat: Bread ration      |       |     1 |       |       ||     1
       Royal jelly       |       |       |     3 |       ||     3
       Meat ration       |       |       |     2 |       ||     2
Armor: Skin              |     7 |     5 |     8 |     4 ||    24
Dodge: Dodged            |    55 |    77 |   282 |   116 ||   530
